 Dungeon Crawl Stone Soup version 0.30-a0-263-ge22c4ad894 (webtiles) character file.

Game seed: 5914080098453347280

159 Anon1729 the Trooper (level 5, -2/42 HPs)
             Began as a Mummy Monk on Oct 13, 2022.
             Slain by an iguana (13 damage)
             ... on level 4 of the Dungeon.
             The game lasted 00:02:49 (2438 turns).

Anon1729 the Trooper (Mummy Monk)                   Turns: 2438, Time: 00:02:49

Health: -2/42      AC:  3    Str: 14    XL:     5   Next: 17%
Magic:  5/5        EV: 12    Int: 10    God:
Gold:   110        SH:  5    Dex: 16    Spells: 4/4 levels left

rFire   x . .      SeeInvis +    a - +0 short sword
rCold   + . .      Faith    +    (no shield)
rNeg    + + +      Spirit   .    c - +0 leather armour
rPois   ∞          Reflect  +    (no helmet)
rElec   .          Harm     .    (no cloak)
rCorr   .          Rampage  .    (no gloves)
Will    .....                    (no boots)
Stlth   ++........               d - amulet of reflection
HPRegen 0.27/turn                g - ring of see invisible
MPRegen 0.09/turn                (no ring)

@: no status effects
A: cold resistance 1, negative energy resistance 3, torment resistance 2, heat
vulnerability 1, in touch with death 1, no potions, faith
a: no special abilities


You were on level 4 of the Dungeon.
You visited 1 branch of the dungeon, and saw 4 of its levels.

You collected 110 gold pieces.

Inventory:

Hand Weapons
 a - a +0 short sword (weapon)
Missiles
 n - 6 poisoned darts (quivered)
Armour
 b - a +0 robe
 c - a +0 leather armour (worn)
Jewellery
 d - an amulet of reflection (around neck)
 g - a ring of see invisible (left hand)
 j - a ring of fire
Wands
 m - a wand of charming (7)
Scrolls
 e - 2 scrolls of enchant armour {unknown}
 f - a scroll of fear {unknown}
 h - a scroll of noise {unknown}
 i - 3 scrolls of identify {unknown}
 k - a scroll of poison {unknown}
 l - a scroll of magic mapping {unknown}


   Skills:
 + Level 3.9 Fighting
 + Level 3.2 Short Blades
 + Level 3.1 Dodging
 + Level 2.7 Stealth


You had 4 spell levels left.
You didn't know any spells.
Your spell library contained the following spells:

 Spells                   Type           Power      Damage    Failure   Level
 Summon Forest            Summ/Tloc      0%         N/A       100%        5
 Summon Mana Viper        Hex/Summ       0%         N/A       100%        5
 Summon Cactus Giant      Summ           0%         N/A       100%        6


Dungeon Overview and Level Annotations

Branches:
Dungeon (4/15)
 Temple: D:4-7

Altars:
Nemelex Xobeh

Shops:
D:3 [

Annotations:
D:3 2 transporters, 2tousent's ghost, amateur KoHs


Innate Abilities, Weirdness & Mutations

You are immune to poison.
Your flesh is cold resistant. (rC+)
You are immune to negative energy. (rN+++)
You are immune to unholy pain and torment.
You are vulnerable to heat. (rF-)
You are in touch with the powers of death.
You do not drink.
You have a special connection with the divine. (Faith)


Message History

You hit the iguana but do no damage.
The iguana is heavily wounded.
The iguana bites you.
You hit the iguana.
The iguana is heavily wounded.
The iguana bites you.
You hit the iguana.
The iguana is almost dead.
The iguana bites you!
* * * LOW HITPOINT WARNING * * *
You are too injured to fight recklessly!
You are too injured to fight recklessly!
You are too injured to fight recklessly!
You are too injured to fight recklessly!
You are too injured to fight recklessly!
You are too injured to fight recklessly!
You are too injured to fight recklessly!
You are too injured to fight recklessly!
You are too injured to fight recklessly!
You are too injured to fight recklessly!
You are too injured to fight recklessly!
You are too injured to fight recklessly!
You are too injured to fight recklessly!
You are too injured to fight recklessly!
You are too injured to fight recklessly!
You are too injured to fight recklessly!
You are too injured to fight recklessly!
You are too injured to fight recklessly!
You completely miss the iguana.
The iguana is almost dead.
The iguana barely misses you.
You barely miss the iguana.
The iguana is almost dead.
The iguana barely misses you.
You hit the iguana but do no damage.
The iguana is almost dead.
You barely miss the iguana.
The iguana is almost dead.
The iguana bites you!
You die...

#.§≈≈≈≈≈..#...#
####.≈≈§§§≈..#...###
....≈≈_§§§..#...#.<.
...≈≈>.≈≈..........
#.≈§≈≈§≈...........
#.##.≈≈§§§§...........
.........§............
#.....@l§..#.........
...#######......>....
#........#.#......
..########)).###. .##
#...## .... ##.#.#
..#.##.g#.####..
.......l.........
##....#..........


You could see an iguana.

Vanquished Creatures
  A gnoll (D:1)
  5 adders
  4 dart slugs
  An orc (D:3)
  2 ball pythons (D:1)
  5 endoplasms
  6 giant cockroaches
  6 goblins
  5 hobgoblins
  2 kobolds
  2 quokkas
  4 bats
  4 frilled lizards
  8 rats
55 creatures vanquished.

Vanquished Creatures (collateral kills)
  4 gnolls (D:4)
4 creatures vanquished.

Grand Total: 59 creatures vanquished

Notes
Turn   | Place    | Note
-------+----------+-------------------------------------------
     0 | D:1      | Anon1729 the Mummy Monk began the quest for the Orb.
     0 | D:1      | Reached XP level 1. HP: 18/18 MP: 1/1
    65 | D:1      | Reached XP level 2. HP: 24/24 MP: 2/2
   312 | D:1      | Gained mutation: You are in touch with the powers of death.
                  | [Mummy growth]
   312 | D:1      | Reached XP level 3. HP: 23/29 MP: 3/3
   950 | D:2      | Reached XP level 4. HP: 31/36 MP: 4/4
  1506 | D:3      | Identified the +4 ring mail "Foubipol" {Str+6}
  1573 | D:3      | Found Ticsi's Armour Emporium.
  1891 | D:3      | Found a transporter.
  1892 | D:3      | Noticed an ogre
  1892 | D:3      | Noticed 2tousent's ghost (amateur KoHs)
  1901 | D:3      | Found a transporter.
  2298 | D:4      | Found a sparkling altar of Nemelex Xobeh.
  2334 | D:4      | Reached XP level 5. HP: 28/42 MP: 5/5
  2438 | D:4      | Slain by an iguana

Illustrated notes

Levels and vault maps discovered:
D:1:      co_arrival_square_in_a_square_in_a_square, layout_rooms,
          minmay_misc_feat_alley, minmay_worlds_worst_comb
D:2:      layout_loops_ring, grunt_ministairs_8, minivault_26
D:3:      layout_basic, gammafunk_ghost_smash, serial_shops, nicolae_shop_stone
D:4:      layout_rooms, tgw_trog, general_overflow_altar, zin_treasury

Skill      XL: |  1  2  3  4 |
---------------+-------------+-----
Stealth        | 2 |  2.7
Short Blades   | 3 |  3.2
Dodging        | 3 |  3.1
Fighting       | |  3.9

Action                   |  1- 3 |  4- 6 || total
-------------------------+-------+-------++-------
Melee: Short sword       |   132 |   131 ||   263
       Punch             |     1 |       ||     1
Evoke: Wand              |       |     1 ||     1
 Stab: Sleeping          |    10 |     5 ||    15
Armor: Robe              |     1 |       ||     1
       Leather armour    |    18 |    14 ||    32
Dodge: Dodged            |    66 |    48 ||   114
Block: Other             |     9 |    27 ||    36
       Reflection        |       |     1 ||     1

Table legend: (Time is in decaauts)
 A = Elapsed time spent in this place.
 B = Non-inter-level travel time spent in this place.
 C = Inter-level travel time spent in this place.
 D = Time resting spent in this place.
 E = Time spent auto-exploring this place.
 F = Levels seen in this place.
 G = Mean time per level.
                   A        B        C        D        E       F      G
               +--------+--------+--------+--------+--------+-----+--------+
         Total |   2400 |   2329 |     71 |    149 |   1663 |   4 |  600.0 |
       Dungeon |   2400 |   2329 |     71 |    149 |   1663 |   4 |  600.0 |
               +--------+--------+--------+--------+--------+-----+--------+

Top non-repeatable levels by time:
     D:3: 868 daAuts
     D:2: 797 daAuts
     D:1: 675 daAuts
     D:4: 59 daAuts
